 Dungeon Crawl Stone Soup version 0.29.1-2-gbd0b4ee654 (webtiles) character file.

Game seed: 16494148916067197715

3139 croobank the Caller (level 9, -11/91 HPs)
             Began as an Octopode Summoner on Nov 23, 2022.
             Was an Initiate of Gozag.
             Mangled by an orc warrior
             ... wielding a +0 glaive
              (16 damage)
             ... on level 7 of the Dungeon.
             The game lasted 00:32:18 (8239 turns).

croobank the Caller (Octopode Summoner)             Turns: 8239, Time: 00:32:19

Health: -11/91     AC: 24    Str:  7    XL:     9   Next: 92%
Magic:  15/26      EV:  2    Int: 25    God:    Gozag
Gold:   343        SH:  0    Dex: 14    Spells: 1/19 levels left

rFire   . . .      SeeInvis .   i - +9 quarterstaff of Sipazix {vorpal, rN+ Dex+3 Stlth+}
rCold   . . .      Faith    .   (shield currently unavailable)
rNeg    + . .      Spirit   .   (helmet currently unavailable)
rPois   +          Reflect  .   (no amulet)
rElec   .          Harm     .   o - ring of magical power
rCorr   .          Rampage  .   q - ring of willpower
Will    +....      NoTele   +   (no ring)
Stlth   +++.......              (no ring)
HPRegen 0.25/turn               (no ring)
MPRegen 0.20/turn               (no ring)
                                (no ring)
                                (no ring)

@: tree-form, gold aura, slowed, very slow
A: stationary, stasis, torment immunity, boosted hp, almost no armour,
(amphibious), 8 rings, (camouflage 1), (gelatinous body 1), (nimble swimmer 1),
(tentacles), clever 1
a: Renounce Religion, Potion Petition, Call Merchant, Bribe Branch


You were on level 7 of the Dungeon.
You worshipped Gozag.
Gozag was aware of your devotion.
You were a tree.
You visited 2 branches of the dungeon, and saw 8 of its levels.
You also visited: Sewer.

You collected 656 gold pieces.
You spent 209 gold pieces at shops.
You paid 104 gold pieces to Gozag.

Inventory:

Hand Weapons
 d - a +0 sling
 e - a +0 whip
 i - the +9 quarterstaff of Sipazix (weapon) {vorpal, rN+ Dex+3 Stlth+}
   (You found it on level 7 of the Dungeon)

   It inflicts extra damage upon your enemies.
   Dex:       It affects your dexterity (+3).
   rN:        It protects you from negative energy.
   Stlth:     It makes you more stealthy.
 j - a +3 broad axe
 n - a +2 dagger of speed
 t - a +0 whip of flaming
 v - a +2 scimitar of electrocution
Missiles
 h - 24 poisoned darts (quivered)
 w - 3 atropa-tipped darts
Jewellery
 o - a ring of magical power (left branch)
 q - a ring of willpower (right branch)
Scrolls
 g - 2 scrolls of magic mapping
 s - 2 scrolls of identify
Potions
 a - a potion of magic
 b - 2 potions of resistance
 c - 3 potions of curing
 f - 2 potions of brilliance
 k - 2 potions of might
 l - 3 potions of flight
 m - 2 potions of ambrosia
 p - 3 potions of lignification
 r - a potion of heal wounds
 x - 3 potions of cancellation {unknown}
 z - 2 potions of haste


   Skills:
 + Level 5.4 Fighting
 - Level 3.3 Axes
 * Level 2.6 Staves
 + Level 6.0 Dodging
 - Level 3.5 Stealth
 + Level 5.7 Spellcasting
 + Level 4.8 Hexes
 + Level 7.0 Summonings


You had one spell level left.
You knew the following spells:

 Your Spells              Type           Power      Damage    Failure   Level
a - Summon Small Mammal   Summ           100%       N/A       1%          1
b - Call Imp              Summ           42%        N/A       1%          2
c - Call Canine Familiar  Summ           42%        N/A       1%          3
d - Summon Guardian Gole  Hex/Summ       36%        N/A       1%          3
e - Summon Lightning Spi  Summ/Air       24%        N/A       19%         4
f - Summon Mana Viper     Hex/Summ       36%        N/A       19%         5

Your spell library contained the following spells:

 Spells                   Type           Power      Damage    Failure   Level
 Apportation              Tloc           14%        N/A       8%          1
 Gell's Gravitas          Tloc           7%         N/A       22%         3
 Teleport Other           Tloc           7%         N/A       22%         3
 Summon Forest            Summ/Tloc      12%        N/A       45%         5
 Summon Cactus Giant      Summ           21%        N/A       54%         6
 Alistair's Intoxication  Tmut/Pois      4%         N/A       91%         5
 Dispersal                Tloc           3%         N/A       100%        6


Dungeon Overview and Level Annotations

Branches:
Dungeon (7/15)             Temple (1/1) D:6           Sewer (visited)

Altars:
Elyvilon
Fedhas
Gozag
Hepliaklqana
Kikubaaqudgha
Nemelex Xobeh
Okawaru
Qazlal
Ru
Sif Muna
Trog
Uskayaw
Wu Jian
Xom
Zin
The Shining One

Shops:
D:2 !   D:6 :

Annotations:
D:4 1 runed translucent door, Crazy Yiuf
D:5 2 transporters, xian's ghost, novice DrFi
D:6 1 runed translucent door, FizzleBangTC's ghost, novice MeEE


Innate Abilities, Weirdness & Mutations

You are a tree.
Your roots penetrate the ground, keeping you stationary.
You cannot be teleported.
You are immune to unholy pain and torment.
Your maximum health is greatly increased.
You cannot wear most types of armour.
((You are amphibious.))
You can wear up to eight rings at the same time.
((Your skin changes colour to match your surroundings (Stealth+).))
((Your rubbery body absorbs attacks. (AC +1, EV +1)))
((You are camouflaged when in or above water. (Stealth+)))
((You have tentacles for arms and can constrict up to eight enemies at once.))
Your mind is acute. (Int +4, Str/Dex -1)


Message History

Your wolf dies!
Your wolf's corpse disappears in a puff of smoke!
Casting: Call Canine Familiar (safe; 1% risk of failure)
Confirm with . or Enter, or press ? or * to list all spells.
The wraith hits you! The wraith drains your vigour!
You feel as though you will be slow longer.
The wraith hits you but does no damage.
The orc warrior hits you from afar with a +0 glaive!
* * * LOW HITPOINT WARNING * * *
Okay, then.
Okay, then.
You aren't carrying any items that you can evoke.
Casting: Call Canine Familiar (safe; 1% risk of failure)
Confirm with . or Enter, or press ? or * to list all spells.
Okay, then.
Casting: Call Canine Familiar (safe; 1% risk of failure)
Confirm with . or Enter, or press ? or * to list all spells.
A mana viper appears with a sibilant hiss.
The orc warrior hits you but does no damage.
The wraith hits you but does no damage.
Okay, then.
Throw: throwing net
Press: ? - help, Q - select action, (/) - cycle Shift-Dir - straight line, f - orc warrior
Aim: an orc warrior, wielding a +0 glaive and wearing a +3 plate armour (60% to hit)
You throw a throwing net.
The throwing net closely misses the orc warrior.
The wraith hits you but does no damage.
The orc warrior hits you but does no damage.
The orc warrior hits you from afar with a +0 glaive!
* * * LOW HITPOINT WARNING * * *
The wraith hits you but does no damage.
It was a potion of mutation.
You feel extremely strange.
You feel clever. The wraith hits you.
* * * LOW HITPOINT WARNING * * *
The wraith drains your vigour!
You feel as though you will be slow longer.
The orc warrior hits you from afar with a +0 glaive!
You die...
Your body crumbles into a pile of gold.

|###....##..)#.###...####.##.#
.........'.#####......# #.##.#
.#)......###.#.....#..###.##.####
.#.....###...##..###...##.......#
.#...### ....#...###..#####.....
...### #..##..#.....# ####.# ##)#
#($.#......### .... #)##
#.o##S..### ###.# ##)(# #..$♣h###
#.# ....# ##.W### $ ####># ##..#
#..$$.# #...<. #).# #.....###
#.##.# #..# $.....## #.# #..#
...## #.# ##).# .# #.#
..)>######.. ... ##.......... ###


You could see a wraith (ally target), an orc warrior, a friendly mana viper
(summoned) and a friendly hound (summoned).

Vanquished Creatures
  2 wyverns (D:7)
  A water moccasin (D:7)
  An ice beast (D:6)
  A bullfrog (D:6)
  3 orc priests (D:7)
  An iguana (D:6)
  A gnoll (D:7)
  An adder (D:6)
  2 orcs
  4 ball pythons
  2 bats
  3 endoplasms
  3 giant cockroaches
  A goblin (D:1)
  6 hobgoblins
  A quokka (D:6)
  2 frilled lizards (Sewer)
  3 rats (D:1)
38 creatures vanquished.

Vanquished Creatures (collateral kills)
  Menkaure (D:5)
  A vampire mosquito (D:7)
  A sky beast (D:7)
  A black bear (D:6)
  A centaur (D:7)
  A phantom (D:6)
  2 kobold brigands (D:7)
  A necrophage (D:5)
  A bullfrog (D:7)
  A scorpion (D:6)
  A howler monkey (D:6)
  7 jellies
  5 hounds
  4 iguanas
  3 orc wizards
  6 adders
  A shadow imp (D:7)
  2 white imps
  An ufetubus (D:3)
  2 worms
  A dart slug (D:1)
  9 orcs
  9 ball pythons
  11 endoplasms
  6 giant cockroaches
  2 hobgoblins
  4 jackals
  12 kobolds
  2 quokkas
  5 bats
  4 frilled lizards (Sewer)
  7 goblins
  7 rats
122 creatures vanquished.

Vanquished Creatures (others)
  Pikel (D:6)
  2 black bears (D:6)
  2 ogres
  A lemure (D:6)
  A white imp (D:6)
  5 plants (D:1)
12 creatures vanquished.

Grand Total: 172 creatures vanquished

Notes
Turn   | Place    | Note
-------+----------+-------------------------------------------
     0 | D:1      | croobank the Octopode Summoner began the quest for the Orb.
     0 | D:1      | Reached XP level 1. HP: 11/11 MP: 3/3
   136 | D:1      | Found a faded altar of an unknown god.
   147 | D:1      | Reached XP level 2. HP: 17/17 MP: 1/5
   150 | D:1      | Learned a level 2 spell: Call Imp
   724 | D:1      | Reached XP level 3. HP: 6/21 MP: 1/6
   728 | D:1      | Learned a level 3 spell: Call Canine Familiar
  1822 | D:2      | Reached XP level 4. HP: 27/27 MP: 2/7
  2061 | D:2      | Found Jamumeu's Distillery.
  2086 | D:2      | Bought a potion of curing for 33 gold pieces
  2641 | D:3      | Reached skill level 1 in Fighting
  3402 | D:4      | Reached XP level 5. HP: 33/33 MP: 5/9
  3406 | D:4      | Learned a level 3 spell: Summon Guardian Golem
  3617 | D:4      | Identified a scroll of acquirement
  3617 | D:4      | Acquired a book of the Wilderness
  4235 | D:4      | You fall into a shaft and drop 1 floor!
  4235 | D:5      | Entered Level 5 of the Dungeon
  4259 | D:5      | Reached skill level 1 in Axes
  4259 | D:5      | Reached XP level 6. HP: 39/39 MP: 10/10
  4324 | D:5      | Found a transporter.
  4326 | D:5      | Found a transporter.
  4327 | D:5      | Noticed xian's ghost (novice DrFi)
  4632 | D:5      | Reached skill level 1 in Hexes
  4735 | D:4      | Found a white marble altar of Elyvilon.
  4860 | D:4      | Found a runed translucent door.
  4861 | D:4      | Noticed Crazy Yiuf
  4924 | D:5      | Noticed a hornet
  5039 | D:5      | Reached skill level 5 in Summonings
  5137 | D:5      | Noticed Menkaure
  5144 | D:5      | Killed Menkaure
  5145 | D:5      | Reached XP level 7. HP: 45/45 MP: 12/12
  5283 | D:5      | Learned a level 4 spell: Summon Lightning Spire
  5581 | D:6      | Found a glowing drain.
  5585 | Sewer    | Entered a sewer
  5879 | Sewer    | Found a viscous altar of Jiyva.
  6090 | Sewer    | Reached XP level 8. HP: 52/52 MP: 14/14
  6303 | D:6      | Found a runed translucent door.
  6303 | D:6      | Noticed FizzleBangTC's ghost (novice MeEE)
  6555 | D:6      | Found a bloodstained altar of Trog.
  6571 | D:6      | Noticed Pikel
  6596 | D:6      | Killed Pikel
  6597 | D:6      | Reached skill level 5 in Dodging
  6597 | D:6      | Reached skill level 6 in Summonings
  6671 | D:6      | Found a glowing silver altar of Zin.
  6866 | D:6      | Found a staircase to the Ecumenical Temple.
  6876 | Temple   | Entered the Ecumenical Temple
  6896 | Temple   | Became a worshipper of Gozag Ym Sagoz the Greedy
  6954 | D:6      | Reached skill level 5 in Spellcasting
  6954 | D:6      | Reached XP level 9. HP: 59/59 MP: 16/16
  7177 | D:6      | Found a sparkling altar of Nemelex Xobeh.
  7296 | D:6      | Found Zusyem's Book Shoppe.
  7301 | D:6      | Bought a book of Party Tricks for 176 gold pieces
  7307 | D:6      | Learned a level 5 spell: Summon Mana Viper
  7646 | D:7      | Identified the +9 quarterstaff of Sipazix {vorpal, rN+
                  | Dex+3 Stlth+}
  7671 | D:7      | Reached skill level 5 in Fighting
  8060 | D:7      | Reached skill level 1 in Staves
  8234 | D:7      | Reached skill level 7 in Summonings
  8239 | D:7      | Gained mutation: Your mind is acute. (Int +4, Str/Dex -1)
                  | [potion of mutation]
  8239 | D:7      | Mangled by an orc warrior

Illustrated notes

Levels and vault maps discovered:
D:1:      lightli_arrival_maybe_door_vault, layout_basic,
          shapermc_ecumenical_altar_totnotflames, minmay_misc_feat_rows,
          serial_bayou_lake_a
D:2:      layout_rooms, serial_shops, shop_statue, kennysheep_nub
D:3:      layout_loops_ring, mrwooster_statue_mirror
D:4:      layout_loops_ring, mainiacjoe_overflow_alcove_2,
          uniq_crazy_yiuf_cottage
D:5:      layout_basic, gammafunk_ghost_hive, uniq_menkaure
D:6:      layout_basic, zin_academy, trog_ov_bears_minmay,
          minmay_temple_entry_glassed_door, gup_sewer_entry_bowl,
          gammafunk_ghost_grave, serial_shops, kennysheep_little_box,
          minmay_ruined_shrine, uniq_pikel
D:7:      minmay_slanted_spiral_squares, layout_loops_ring
Temple:   nicolae_temple_bog_church

Skill      XL: |  1  2  3  4  5  6  7  8  9 |
---------------+----------------------------+-----
Stealth        | 3 |  3.5
Fighting       | 1 2 3 4 5 |  5.4
Dodging        | 3 4 5 6 |  6.0
Spellcasting   | 3 4 5 |  5.7
Axes           | 1 2 3 |  3.3
Hexes          | 1 2 3 4 |  4.8
Summonings     | 5 6 7 |  7.0
Staves         | 2 |  2.6

Action                   |  1- 3 |  4- 6 |  7- 9 || total
-------------------------+-------+-------+-------++-------
Melee: Unarmed           |     7 |       |       ||     7
       Constrict         |     9 |     3 |    12 ||    24
       Tentacles         |     5 |     3 |    12 ||    20
       Whip              |    21 |     1 |       ||    22
       Dagger            |       |     9 |    30 ||    39
       Punch             |       |       |     1 ||     1
       Quarterstaff      |       |       |    22 ||    22
       Scimitar          |       |       |    14 ||    14
Throw: Throwing net      |       |       |     1 ||     1
 Cast: Summon Small Mamm |    24 |    35 |    50 ||   109
       Call Imp          |     7 |    14 |    13 ||    34
       Call Canine Famil |    12 |    21 |    34 ||    67
       Summon Guardian G |       |     1 |    11 ||    12
       Summon Mana Viper |       |       |     1 ||     1
  Use: Scroll            |     1 |     8 |     8 ||    17
       Potion            |       |     1 |     3 ||     4
 Stab: Sleeping          |       |     1 |     3 ||     4
       Distracted        |       |       |     1 ||     1
Armor: Skin              |     4 |     2 |    20 ||    26
Dodge: Dodged            |    32 |    10 |    51 ||    93
